 Dungeon Crawl Stone Soup version 0.30.0-15-g856e2d3f33 (webtiles) character file.

Game seed: 15329310106228584978

276 qw the Chopper (level 6, -2/38 HPs)
             Began as a Gargoyle Cinder Acolyte on May 18, 2023.
             Was a High Priest of Ignis.
             Slain by an ogre
             ... wielding a +0 giant club
              (18 damage)
             ... on level 4 of the Dungeon.
             The game lasted 00:01:23 (2206 turns).

qw the Chopper (Gargoyle Cinder Acolyte)            Turns: 2206, Time: 00:01:24

Health: -2/38      AC: 24    Str: 21 (22) XL:     6   Next: 25%
Magic:  7/7        EV:  7    Int: 15      God:    Ignis [*****.]
Gold:   151        SH:  3    Dex:  3 (5)  Spells: 7/7 levels left

rFire   + . .        Y - +1 hand axe (flame)
rCold   + . .        b - +0 buckler
rNeg    + . .        h - +3 chain mail of Zamip {rCorr Str+3}
rPois   inf          (no helmet)
rElec   +            f - +0 cloak
rCorr   +            (no gloves)
SInv    .            (no boots)
Will    .....        e - amulet of regeneration Stlth
                     g - ring of protection from cold
HPRegen 1.06/turn    (no ring)
MPRegen 0.10/turn

%: no passive effects
@: fiery-armoured
A: sickness immunity, AC +4, negative energy resistance 1, electricity
resistance, torment resistance 1, petrification resistance
a: Renounce Religion, Fiery Armour, Foxfire Swarm, Rising Flame


You were on level 4 of the Dungeon.
You worshipped Ignis.
Ignis was extremely pleased with you.
You visited 1 branch of the dungeon, and saw 4 of its levels.

You collected 151 gold pieces.


Innate Abilities, Weirdness & Mutations

You are immune to sickness and miasma.
Your stone body is resilient. (AC +4)
You are immune to poison.
You resist negative energy. (rN+)
You are resistant to electric shocks. (rElec)
You are resistant to unholy torment.
You are immune to petrification.


   Skills:
 + Level 3.6 Fighting
 - Level 5.3 Axes
 - Level 2.0 Armour
 - Level 2.2 Shields
 - Level 1.0 Spellcasting
 - Level 3.0 Fire Magic


You had 7 spell levels left.
You didn't know any spells.
Your spell library contained the following spells:

 Spells                   Type           Power      Damage    Failure   Level
 Scorch                   Fire           18%        2d6       69%         2

Inventory:

Hand Weapons
 Y - a +1 hand axe of flaming (weapon)
Armour
 b - a +0 buckler (worn)
 f - a +0 cloak (worn)
 h - the +3 chain mail of Zamip (worn) {rCorr Str+3}
   (You found it on level 2 of the Dungeon)

   Str:       It affects your strength (+3).
   rCorr:     It protects you from acid and corrosion.
Jewellery
 e - an amulet of regeneration (around neck)
 g - a ring of protection from cold (left hand)
Scrolls
 a - 2 scrolls of identify
 c - a scroll of teleportation {unknown}
Potions
 d - 2 potions of curing
 j - a potion of haste {unknown}
 k - 2 potions of might
 m - 2 potions of mutation {unknown}
 n - a potion of cancellation {unknown}

Dungeon Overview and Level Annotations

Branches:
Dungeon (4/15)
 Temple: D:4-7

Altars:
Cheibriados

Annotations:
D:3 1 runed translucent door, Crazy Yiuf


Message History

An ogre comes into view. It is wielding a +0 giant club.
The ogre shouts!
A scorpion comes into view.
A goblin comes into view. It is wielding a +0 dagger.
The adder bites you but does no damage.
You closely miss the adder.
The goblin shouts!
The adder bites you but does no damage.
You slash the adder! You burn the adder.
You kill the adder!
You closely miss the scorpion. You hit the ogre but do no damage.
The scorpion stings you but does no damage.
The ogre barely misses you. The scorpion stings you.
You hit the scorpion. You burn the scorpion.
The scorpion is lightly wounded.
You hit the ogre. You burn the ogre. The ogre barely misses you.
You block the scorpion's attack.
You hit the scorpion but do no damage.
The scorpion is lightly wounded.
You hit the ogre. You burn the ogre.
The scorpion stings you but does no damage.
You block the ogre's attack.
You barely miss the scorpion.
The scorpion is lightly wounded.
You hit the goblin. You burn the goblin.
You kill the goblin!
You hit the ogre. You burn the ogre.
The scorpion stings you but does no damage. x2
You hit the ogre. You burn the ogre.
The ogre is severely wounded.
You completely miss the scorpion.
The ogre hits you with a +0 giant club!!
Ouch! That really hurt!
The scorpion barely misses you.
An orc comes into view. It is wielding a +0 flail.
2206 ||| INVOKING Fiery Armour.
A protective cloak of flame settles atop you.
The scorpion stings you.
The ogre hits you with a +0 giant club!!
You die...

# ##.#......... #
##.#.........
#.##............
##.#.............
...............##
#.#..........#..#
#..........##..
##......)....?.
#.....@s..##.
#.#####O!.# #..
..$..# #..
.....o. #.
....... .......
....... .......


You could see an ogre, a scorpion and an orc.

Vanquished Creatures
  A phantom (D:4)
  A scorpion (D:4)
  A mummy (D:3)
  7 adders
  2 worms (D:3)
  2 orcs
  5 ball pythons
  3 bats
  5 endoplasms
  2 giant cockroaches (D:3)
  4 goblins
  7 hobgoblins
  6 jackals
  2 quokkas
  A frilled lizard (D:3)
  4 kobolds
  8 rats
61 creatures vanquished.

Notes
Turn   | Place    | Note
-------+----------+-------------------------------------------
     0 | D:1      | qw the Gargoyle Cinder Acolyte began the quest for the Orb.
     0 | D:1      | Reached XP level 1. HP: 14/14 MP: 2/2
     0 | D:1      | 0 ||| qw: Version: 0.2-a-95-gc95f03d
     0 | D:1      | 0 ||| qw: Game counter: 55
     0 | D:1      | 0 ||| qw: Always use a shield: true
     0 | D:1      | 0 ||| qw: God list: Okawaru
     0 | D:1      | 0 ||| qw: Allow faded altars: false
     0 | D:1      | 0 ||| qw: Do Orc after D:15 true
     0 | D:1      | 0 ||| qw: Do second Lair branch before Depths: true
     0 | D:1      | 0 ||| qw: Lair rune preference: random
     0 | D:1      | 0 ||| qw: Plans: Normal
     0 | D:1      | 0 ||| PLANNING D:1-11
    55 | D:1      | 55 ||| Stepping ~*~*~tactically~*~*~ (stealth).
    64 | D:1      | 64 ||| INVOKING Fiery Armour.
   126 | D:1      | Reached skill level 3 in Axes
   314 | D:1      | Reached XP level 2. HP: 13/19 MP: 3/3
   577 | D:1      | 577 ||| DROPPING scarf of shadows.
   578 | D:1      | 578 ||| UPGRADING to +0 leather armour.
   588 | D:1      | 588 ||| DROPPING +0 robe.
   589 | D:1      | 589 ||| UPGRADING to +0 ring mail.
   599 | D:1      | 599 ||| DROPPING +0 leather armour.
   600 | D:1      | 600 ||| UPGRADING to +0 chain mail.
   610 | D:1      | 610 ||| DROPPING +0 ring mail.
   611 | D:1      | 611 ||| UPGRADING to amulet of regeneration.
   616 | D:1      | 616 ||| READING scroll labelled BAS OLOOMAUSA.
   617 | D:1      | 617 ||| READING scroll labelled XUSIZ FOCKAUL.
   775 | D:2      | Reached skill level 1 in Armour
   775 | D:2      | Reached XP level 3. HP: 23/23 MP: 4/4
   956 | D:2      | Reached skill level 4 in Axes
  1023 | D:2      | Identified the +3 chain mail of Zamip {rCorr Str+3}
  1123 | D:2      | Reached XP level 4. HP: 28/28 MP: 5/5
  1134 | D:2      | 1134 ||| UPGRADING to +0 buckler.
  1139 | D:2      | 1139 ||| UPGRADING to +3 chain mail of Zamip {rCorr Str+3}.
  1149 | D:2      | 1149 ||| DROPPING +0 chain mail.
  1150 | D:2      | 1150 ||| UPGRADING to ring of protection from cold.
  1151 | D:2      | 1151 ||| READING scroll labelled FEKLI QIUSONGO.
  1152 | D:2      | 1152 ||| DRINKING 2 blue potions.
  1153 | D:2      | 1153 ||| DRINKING 2 glowing clear potions.
  1154 | D:2      | 1154 ||| DROPPING potion of flight.
  1278 | D:3      | 1278 ||| Stepping ~*~*~tactically~*~*~ (hiding).
  1290 | D:3      | Found a snail-covered altar of Cheibriados.
  1306 | D:3      | Reached skill level 1 in Shields
  1804 | D:3      | Found a faded altar of an unknown god.
  1941 | D:3      | Found a runed translucent door.
  1942 | D:3      | Noticed Crazy Yiuf
  2029 | D:3      | 2029 ||| UPGRADING to +0 cloak.
  2034 | D:3      | 2034 ||| READING 2 scrolls labelled ROL YTZECLIH.
  2035 | D:3      | 2035 ||| READING scroll of enchant weapon.
  2035 | D:3      | 2035 ||| ENCHANTING +0 hand axe of flaming.
  2036 | D:3      | 2036 ||| READING scroll labelled VANIMU CUIGO.
  2041 | D:3      | 2041 ||| DRINKING 2 cyan potions.
  2042 | D:3      | 2042 ||| DRINKING 3 sedimented sapphire potions.
  2043 | D:3      | 2043 ||| READING 2 scrolls of identify.
  2043 | D:3      | 2043 ||| IDENTIFYING bubbling red potion
  2044 | D:3      | 2044 ||| DROPPING potion of magic.
  2045 | D:3      | 2045 ||| DROPPING potion of degeneration.
  2091 | D:4      | Noticed a phantom
  2092 | D:4      | 2092 ||| Stepping ~*~*~tactically~*~*~ (stealth).
  2112 | D:4      | Killed a phantom
  2112 | D:4      | Noticed a scorpion
  2113 | D:4      | Reached XP level 5. HP: 28/32 MP: 6/6
  2121 | D:4      | Reached skill level 5 in Axes
  2121 | D:4      | Reached XP level 6. HP: 37/37 MP: 7/7
  2160 | D:4      | 2160 ||| Stepping ~*~*~tactically~*~*~ (stealth).
  2171 | D:4      | 2171 ||| Stepping ~*~*~tactically~*~*~ (stealth).
  2206 | D:4      | 2206 ||| INVOKING Fiery Armour.
  2206 | D:4      | Slain by an ogre

Levels and vault maps discovered:
D:1:      roderic_crop_circles_arrival_small, layout_basic, minmay_box_of_dots
D:2:      layout_rooms
D:3:      layout_loops_ring, slow_altar_1,
          shapermc_ecumenical_altar_mp_ritualfount,
          chequers_serial_rivers_small_3, minmay_cupped, uniq_crazy_yiuf_cottage
D:4:      layout_rooms, mainiacjoe_overflow_small_starburst

Skill      XL: |  1  2  3  4  5 |
---------------+----------------+-----
Axes           | 3 4 5 |  5.3
Armour         | 1 2 |  2.0
Shields        | 2 |  2.2
Fighting       | |  3.6
Spellcasting   | |  1.0
Fire Magic     | |  3.0

Action                     |  1- 3 |  4- 6 || total
---------------------------+-------+-------++-------
  Melee: Hand axe          |    94 |   113 ||   207
 Invoke: Fiery Armour      |     1 |     1 ||     2
    Use: Scroll            |     2 |     5 ||     7
         Potion            |       |     4 ||     4
 Armour: Robe              |    13 |       ||    13
         Chain mail        |    39 |    66 ||   105
  Dodge: Dodged            |    40 |    27 ||    67
  Block: Buckler           |       |    13 ||    13

Table legend:
 A = Non-vault XP
 B = Vault XP
 C = Vault XP percentage of total XP
 D = Non-vault monster count
 E = Vault monster count
 F = Vault count percentage of total count
                 A         B        C        D         E       F
            +---------+---------+-------+---------+---------+-------
      Total |     354 |      41 |  10.4 |      53 |       8 |  13.1
            +---------+---------+-------+---------+---------+-------
        D:1 |      19 |       6 |  24.0 |      12 |       4 |  25.0
        D:2 |      60 |       0 |   0.0 |      16 |       0 |   0.0
        D:3 |      32 |      35 |  52.2 |      13 |       4 |  23.5
        D:4 |     243 |       0 |   0.0 |      12 |       0 |   0.0
            +---------+---------+-------+---------+---------+-------
